 Dungeon Crawl Stone Soup version 0.29.1-15-g9cfb28693d (webtiles) character file.

Game seed: 3649245456718124221

25 GeoRichter the Firebug (level 2, 0/19 HPs)
             Began as a Demonspawn Fire Elementalist on Mar 17, 2023.
             Slain by an orc wizard
             ... wielding a +0 dagger
              (4 damage)
             ... on level 2 of the Dungeon.
             The game lasted 00:01:09 (913 turns).

GeoRichter the Firebug (DsFE)                        Turns: 913, Time: 00:01:09

Health: 0/19       AC:  2    Str:  8    XL:     2   Next: 86%
Magic:  5/5        EV: 12    Int: 16    God:
Gold:   57         SH:  0    Dex: 13    Spells: 4/5 levels left

rFire   . . .      SeeInvis .   c - +2 dagger (speed)
rCold   . . .      Faith    .   (no shield)
rNeg    . . .      Spirit   .   a - +0 robe
rPois   .          Reflect  .   (no helmet)
rElec   .          Harm     .   (no cloak)
rCorr   .          Rampage  .   (no gloves)
Will    .....                   (no boots)
Stlth   ++........              (no amulet)
HPRegen 0.06/turn               (no ring)
MPRegen 0.09/turn               (no ring)

@: no status effects
A: spiny 1
a: no special abilities


You were on level 2 of the Dungeon.
You visited 1 branch of the dungeon, and saw 2 of its levels.

You collected 57 gold pieces.

Inventory:

Hand Weapons
 c - a +2 dagger of speed (weapon)
   (You took it off a goblin on level 1 of the Dungeon)
Armour
 a - a +0 robe (worn)
Scrolls
 d - 2 scrolls of identify {unknown}
 e - a scroll of enchant weapon {unknown}
 g - a scroll of acquirement {unknown}
 h - 2 scrolls of fog {unknown}
Potions
 b - a potion of magic
 f - a potion of haste {unknown}
 i - a potion of might {unknown}


   Skills:
 * Level 1.6 Short Blades
 - Level 1.7 Dodging
 + Level 2.4 Stealth
 - Level 2.0 Spellcasting
 - Level 1.1 Conjurations
 - Level 2.6 Fire Magic


You had 4 spell levels left.
You knew the following spells:

 Your Spells              Type           Power      Damage    Failure   Level
a - Foxfire               Conj/Fire      28%        2x1d5     10%         1

Your spell library contained the following spells:

 Spells                   Type           Power      Damage    Failure   Level
 Scorch                   Fire           20%        2d6       11%         2
 Conjure Flame            Conj/Fire      7%         6-21      28%         3
 Inner Flame              Hex/Fire       5%         N/A       34%         3
 Portal Projectile        Hex/Tloc       2%         N/A       52%         3
 Tukima's Dance           Hex            1%         N/A       52%         3
 Flame Wave               Conj/Fire      7%         2d5       67%         4
 Blade Hands              Tmut           0%         N/A       99%         5


Dungeon Overview and Level Annotations

Branches:
Dungeon (2/15) Zot: 11103

Altars:


Innate Abilities, Weirdness & Mutations

You are partially covered in sharp spines.


Message History

You kill the bat!
You barely miss the orc wizard. The orc barely misses you.
The orc wizard is struck by your spines.
The orc wizard hits you with a +0 dagger.
You hit the orc wizard. The orc hits you with a +0 whip.
The orc wizard hits you with a +0 dagger.
* * * LOW HITPOINT WARNING * * *
The orc barely misses you.
The orc wizard mumbles some strange words.
The orc wizard flickers and vanishes!
Deactivating autopickup; reactivate with Ctrl-A.
There is a stone staircase leading up here.
The orc is struck by your spines. The orc misses you. x2
You climb upwards.
Reactivating autopickup.
There is a stone staircase leading down here.
Unknown command.
You hit the orc. You hit the orc but do no damage. The orc closely misses you.
The orc is struck by your spines. The orc closely misses you.
You hit the orc.
You kill the orc!
The orc hits you with a +0 club.
* * * LOW HITPOINT WARNING * * *
You hit the orc.
You kill the orc!
You start resting.
You climb downwards.
There is a stone staircase leading up here.
You see here a +0 hand axe.
You hit the orc wizard but do no damage.
The orc wizard is struck by your spines.
The orc wizard completely misses you.
You hit the orc wizard.
You hit the orc wizard but do no damage.
The orc wizard casts a spell at you. The magic dart hits you!
You hit the orc wizard.
The orc wizard points at you and mumbles some strange words.
The magic dart hits you.
* * * LOW HITPOINT WARNING * * *
You closely miss the orc wizard. You hit the orc wizard.
The orc wizard barely misses you.
You hit the orc wizard.
The orc wizard hits you with a +0 dagger.
* * * LOW HITPOINT WARNING * * *
You hit the orc wizard. You hit the orc wizard.
The orc wizard hits you with a +0 dagger.
You die...

#.# #.#
#.# #.# #
#.# #. #.#
.###[###o#
........@#
.........#
###.#...#
# #...#
#..<#
#..## #..#
#..# #...


You could see an orc wizard.

Vanquished Creatures
  2 dart slugs (D:1)
  2 orcs (D:1)
  2 endoplasms (D:1)
  2 giant cockroaches (D:1)
  2 goblins (D:1)
  A kobold (D:1)
  2 ball pythons (D:1)
  2 bats
  4 rats (D:1)
19 creatures vanquished.

Vanquished Creatures (others)
  10 foxfires (D:1)
10 creatures vanquished.

Grand Total: 29 creatures vanquished

Notes
Turn   | Place    | Note
-------+----------+-------------------------------------------
     0 | D:1      | GeoRichter the Demonspawn Fire Elementalist began the quest
                  | for the Orb.
     0 | D:1      | Reached XP level 1. HP: 13/13 MP: 3/3
   214 | D:1      | Reached skill level 1 in Short Blades
   214 | D:1      | Gained mutation: You are partially covered in sharp spines.
                  | [demonic ancestry]
   214 | D:1      | Reached XP level 2. HP: 19/19 MP: 5/5
   913 | D:2      | Slain by an orc wizard

Illustrated notes

Levels and vault maps discovered:
D:1:      saegor_arrival_miasma, layout_basic
D:2:      layout_basic, shapermc_ecumenical_altar_mp_ritualfount, uniq_sigmund

Skill      XL: |  1 |
---------------+----+-----
Stealth        | 2 |  2.4
Short Blades   | 1 |  1.6
Dodging        | |  1.7
Spellcasting   | |  2.0
Conjurations   | |  1.1
Fire Magic     | |  2.6

Action                   || total
-------------------------++-------
Melee: Dagger            ||    47
 Cast: Foxfire           ||     5
 Stab: Sleeping          ||     3
Armor: Robe              ||     4
Dodge: Dodged            ||    17
